 Dungeon Crawl Stone Soup version 0.24-a0-93-ge1bfdf8 (webtiles) character file.

Game seed: 2566902403210276244

1071 MalarOregon the Chiller (level 8, 0/52 HPs)
             Began as a Merfolk Ice Elementalist on Feb 11, 2019.
             Was an Initiate of Vehumet.
             Slain by a hippogriff (6 damage)
             ... on level 7 of the Dungeon.
             The game lasted 00:21:06 (7554 turns).

MalarOregon the Chiller (Merfolk Ice Elementalist)  Turns: 7554, Time: 00:21:06

Health: 0/52       AC:  4    Str:  9      XL:     8   Next: 28%
Magic:  15/16      EV: 12    Int: 16      God:    Vehumet [......]
Gold:   389        SH:  0    Dex:  9 (14) Spells: 11/18 levels left

rFire    . . .     SeeInvis .   w - +2 dagger (venom)
rCold    . . .     Gourm    .   (no shield)
rNeg     + . .     Faith    .   B - +1 robe of a bailey {rElec rN+}
rPois    .         Spirit   .   (no helmet)
rElec    +         Reflect  .   s - +0 cloak
rCorr    .         Harm     .   (no gloves)
MR       .....                  (no boots)
Stlth    ++........             p - amulet of rage
HPRegen  0.17/turn              (no ring)
MPRegen  0.15/turn              (no ring)

@: no status effects
A: change form in water, swift swim, stealthy swim
a: Renounce Religion, Evoke Berserk Rage


You were on level 7 of the Dungeon.
You worshipped Vehumet.
Vehumet was noncommittal.
You were not hungry.

You visited 2 branches of the dungeon, and saw 8 of its levels.

You collected 389 gold pieces.

Inventory:

Hand Weapons
 d - a +2 dagger of protection
   (You took it off a goblin on level 1 of the Dungeon)
 w - a +2 dagger of venom (weapon)
   (You took it off a kobold on level 3 of the Dungeon)
Armour
 s - a +0 cloak (worn)
   (You found it on level 6 of the Dungeon)
 B - the +1 robe of a bailey (worn) {rElec rN+}
   (You found it on level 5 of the Dungeon)

   It insulates you from electricity.
   It protects you from negative energy.
Jewellery
 o - an uncursed amulet of regeneration
   (You took it off a gnoll on level 4 of the Dungeon)
 p - an amulet of rage (around neck)
   (You found it on level 2 of the Dungeon)
Wands
 r - a wand of polymorph (9)
   (You found it on level 2 of the Dungeon)
 v - a wand of scattershot (7)
   (You found it on level 6 of the Dungeon)
Scrolls
 a - a scroll of magic mapping
 c - a scroll of fog
 f - a scroll of amnesia {unknown}
 j - 2 scrolls of remove curse {@r2}
 m - 11 scrolls of identify {@r1}
 t - 5 scrolls of teleportation {@r4}
 x - a scroll of enchant armour
 y - a scroll of summoning {unknown}
Potions
 b - 2 potions of resistance {unknown}
 g - a potion of agility {unknown}
 h - a potion of might {unknown}
 i - 4 potions of berserk rage {unknown}
 k - 3 potions of magic {unknown}
 l - 2 potions of lignification {unknown}
 n - 2 potions of flight {unknown}
 q - 2 potions of heal wounds {unknown}
 u - a potion of ambrosia {unknown}
 z - 2 potions of haste {unknown}
 A - a potion of curing {unknown}
Comestibles
 e - 16 rations {!d}


   Skills:
 - Level 2.6 Dodging
 - Level 2.1 Stealth
 + Level 5.5 Spellcasting
 + Level 4.0 Conjurations
 + Level 7.0 Ice Magic


You had 11 spell levels left.
You knew the following spells:

 Your Spells              Type           Power        Failure   Level  Hunger
a - Freeze                Ice            ####         1%          1    None
c - Throw Icicle          Conj/Ice       ###.....     14%         4    ####...
x - Throw Frost           Conj/Ice       ###...       2%          2    #......

Your spell library contained the following spells:

 Spells                   Type           Power        Failure   Level  Hunger
 Ensorcelled Hibernation  Hex/Ice        ###...       4%          2    #......
 Ozocubu's Armour         Chrm/Ice       ###.....     10%         3    ###....
 Corona                   Hex            #......      14%         1    None
 Dazzling Spray           Conj/Hex       ##....       19%         3    ###....
 Summon Ice Beast         Ice/Summ       ###.....     32%         4    ####...
 Confuse                  Hex            #.......     41%         3    ###....
 Tukima's Dance           Hex            #.......     41%         3    ###....


Dungeon Overview and Level Annotations

Branches:
Dungeon (7/15)             Temple (1/1) D:5

Altars:
Cheibriados
Dithmenos
Elyvilon
Fedhas
Gozag
Kikubaaqudgha
Makhleb
Nemelex Xobeh
Okawaru
Qazlal
Ru
Sif Muna
Trog
Uskayaw
Vehumet
Wu Jian
Xom
Yredelemnul
Zin
The Shining One

Shops:
D:5 [   D:6 [

Annotations:
D:3 1 runed translucent door
D:7 2 transporters


Message History

Wear which item? (? for menu, Esc to quit)
Okay, then.
Some of the chunks of flesh in your inventory have rotted away.
There is an open door here.
There is an open door here.
Some of the chunks of flesh in your inventory have rotted away.
Found 12 gold pieces.
Found a wand of flame (18).
You now have 389 gold pieces (gained 12).
Found a purple potion.
There is a transporter here.
All of the chunks of flesh in your inventory have rotted away.
Found a scroll of enchant armour.
h - a purple potion
Found a stone staircase leading down.
A hippogriff comes into view.
A hippogriff is nearby!
Aim: a hippogriff The puff of frost misses the hippogriff.
Aim: a hippogriff The puff of frost hits the hippogriff!
Aim: a hippogriff (lightly wounded)
The puff of frost hits the hippogriff!
You hit the hippogriff. The hippogriff bites you! The hippogriff pecks you.
The hippogriff barely misses you.
You closely miss the hippogriff.
The hippogriff bites you but does no damage.
The hippogriff closely misses you. x2
You barely miss the hippogriff.
The hippogriff bites you but does no damage.
The hippogriff pecks you. The hippogriff claws you.
You hit the hippogriff.
The hippogriff is poisoned.
The hippogriff bites you. The hippogriff pecks you.
* * * LOW HITPOINT WARNING * * *
The hippogriff claws you!
* * * LOW HITPOINT WARNING * * *
The hippogriff looks more healthy.
You see here 18 stones.
You hit the hippogriff but do no damage.
The hippogriff bites you.
* * * LOW HITPOINT WARNING * * *
The hippogriff barely misses you. x2
Unknown command.
You hit the hippogriff but do no damage.
The hippogriff is poisoned.
The hippogriff bites you.
* * * LOW HITPOINT WARNING * * *
The hippogriff closely misses you. The hippogriff claws you!
* * * LOW HITPOINT WARNING * * *
The hippogriff bites you.
You die...

######'###.............#..+......
.......................##+#......
.....................)..)........
..........###'###................
..........#.....+..........######
#######'###.....#..........#
#..#.....########..........#
#..#.....#.......H.........#
#..#.....#......@#####.....#
##'#######.......# #.....#
..............[..# #(....#
.................# #.....# .#
..........######## #.....##..#
..........# #......#..#
........(.# #..........
##'#......# #...########
#..#......# #...#8P#≈≈≈≈


You could see a hippogriff.

Vanquished Creatures
  Eustachio (D:4)
  2 sky beasts (D:6)
  A phantom (D:6)
  A centaur (D:6)
  A howler monkey (D:5)
  2 crimson imps
  A quasit (D:6)
  5 orc wizards
  An iguana (D:6)
  The ghost of Duffy the Ruffian, a weakling DrTm (D:3)
  3 gnolls (D:4)
  A river rat (D:3)
  9 adders
  A shadow imp (D:6)
  An adder skeleton (D:4)
  3 worms
  A dart slug (D:3)
  7 leopard geckos
  16 orcs
  12 bats
  4 giant cockroaches
  15 goblins
  8 hobgoblins
  12 kobolds
  4 quokkas
  A ball python (D:2)
  6 frilled lizards
  10 rats
130 creatures vanquished.

Vanquished Creatures (others)
  A human (D:2)
1 creature vanquished.

Grand Total: 131 creatures vanquished

Notes
Turn   | Place    | Note
-------+----------+-------------------------------------------
     0 | D:1      | MalarOregon the Merfolk Ice Elementalist began the quest
                  | for the Orb.
     0 | D:1      | Reached XP level 1. HP: 13/13 MP: 3/3
   435 | D:1      | Reached XP level 2. HP: 7/19 MP: 0/5
   648 | D:1      | Learned a level 2 spell: Throw Frost
  1120 | D:1      | Reached XP level 3. HP: 24/24 MP: 3/6
  1124 | D:1      | Reached skill level 4 in Ice Magic
  1552 | D:2      | Found a glowing golden altar of the Shining One.
  1552 | D:2      | Found a bloodstained altar of Trog.
  1755 | D:2      | Reached XP level 4. HP: 30/30 MP: 8/8
  1881 | D:2      | Found an ancient bone altar of Kikubaaqudgha.
  2340 | D:2      | Noticed a human
  2341 | D:2      | Killed a human
  2761 | D:3      | Learned a level 4 spell: Throw Icicle
  2809 | D:3      | Found a runed translucent door.
  2811 | D:3      | Noticed Duffy's ghost (weakling DrTm)
  2828 | D:3      | Found a runed translucent door.
  2924 | D:3      | Reached skill level 1 in Conjurations
  3040 | D:3      | Reached XP level 5. HP: 35/35 MP: 10/10
  3710 | D:3      | Killed Duffy's ghost
  3957 | D:4      | Reached skill level 5 in Ice Magic
  4305 | D:4      | Noticed Eustachio
  4319 | D:4      | Killed Eustachio
  4319 | D:4      | Reached XP level 6. HP: 39/41 MP: 10/12
  4988 | D:4      | Reached XP level 7. HP: 37/46 MP: 11/13
  5076 | D:5      | Entered Level 5 of the Dungeon
  5220 | D:5      | Got a faintly humming robe
  5238 | D:5      | Identified the +1 robe of a bailey {rElec rN+} (You found
                  | it on level 5 of the Dungeon)
  5278 | D:5      | Reached skill level 6 in Ice Magic
  5332 | D:5      | Found a staircase to the Ecumenical Temple.
  5396 | D:5      | Found Niuriafo's Armour Shop.
  5606 | D:5      | Found a snail-covered altar of Cheibriados.
  5802 | Temple   | Entered the Ecumenical Temple
  5876 | Temple   | Became a worshipper of Vehumet
  5982 | D:6      | Found a hide-covered altar of Uskayaw.
  5985 | D:6      | Found a blossoming altar of Fedhas.
  5988 | D:6      | Found a sparkling altar of Nemelex Xobeh.
  6022 | D:6      | Found Ucwufiaf's Armour Shoppe.
  6068 | D:6      | Reached skill level 5 in Spellcasting
  6171 | D:6      | Found a basalt altar of Yredelemnul.
  6410 | D:6      | Reached XP level 8. HP: 52/52 MP: 3/15
  6526 | D:6      | Reached skill level 7 in Ice Magic
  6709 | D:6      | Found a white marble altar of Elyvilon.
  6920 | D:6      | Found a shadowy altar of Dithmenos.
  7190 | D:7      | Found a transporter.
  7493 | D:7      | Found a transporter.
  7516 | D:7      | Noticed a hippogriff
  7554 | D:7      | Slain by a hippogriff

Levels and vault maps discovered:
D:1:      dpeg_arrival_three_smaller_balls, layout_basic, st_stairs_10,
          kennysheep_decorative_pillar
D:2:      layout_rooms, chequers_temple_overflow_statue_of_worship,
          tgw_kikubaaqudgha
D:3:      layout_loops_ring, ebering_ghost_sewer_f
D:4:      corexii_shack_village, layout_cave_pods, first_ration, uniq_eustachio
D:5:      layout_loops_ring, minmay_temple_entry_purple_smoke, basic_altar,
          serial_shops, shop, kennysheep_small_square
D:6:      cheibrodos_helix_gallery, layout_loops_ring, kennysheep_ying_yang,
          lemuel_doored_altar, grunt_temple_overflow_diamond, serial_shops,
          shop_statue
D:7:      gammafunk_steamed_eel, layout_gridville, minmay_nine_imps
Temple:   nicolae_temple_hex_pool

Skill      XL: |  1  2  3  4  5  6  7  8 |
---------------+-------------------------+-----
Ice Magic      | 4 5 6 7 |  7.0
Spellcasting   | 3 4 5 |  5.5
Conjurations   | 1 2 3 4 |  4.0
Dodging        | |  2.6
Stealth        | |  2.1

Action                   |  1- 3 |  4- 6 |  7- 9 || total
-------------------------+-------+-------+-------++-------
Melee: Unarmed           |     9 |       |       ||     9
       Club              |     9 |       |       ||     9
       Dagger            |    13 |    94 |   122 ||   229
       Whip              |    34 |    62 |       ||    96
       Tailslap          |       |     1 |       ||     1
 Fire: Shortbow          |       |       |     2 ||     2
 Cast: Freeze            |    42 |    25 |    27 ||    94
       Throw Frost       |     2 |     5 |    17 ||    24
       Throw Icicle      |       |       |     5 ||     5
 Abil: Evoke Berserk Rag |       |       |     2 ||     2
  Use: Scroll            |       |       |    10 ||    10
 Stab: Sleeping          |     5 |     9 |     3 ||    17
  Eat: Chunk             |     3 |    11 |     7 ||    21
       Ration            |       |       |     1 ||     1
Armor: Robe              |    26 |    14 |    35 ||    75
Dodge: Dodged            |    95 |    96 |    97 ||   288

Table legend:
 A = Non-vault XP
 B = Vault XP
 C = Vault XP percentage of total XP
 D = Non-vault monster count
 E = Vault monster count
 F = Vault count percentage of total count
                 A         B        C        D         E       F
            +---------+---------+-------+---------+---------+-------
      Total |    1060 |     470 |  30.7 |     112 |      18 |  13.8
            +---------+---------+-------+---------+---------+-------
        D:1 |      40 |       5 |  11.1 |      24 |       3 |  11.1
        D:2 |      67 |       0 |   0.0 |      26 |       0 |   0.0
        D:3 |      68 |      37 |  35.2 |      24 |       3 |  11.1
        D:4 |     189 |     215 |  53.2 |      15 |       8 |  34.8
        D:5 |      84 |      56 |  40.0 |       4 |       2 |  33.3
        D:6 |     532 |     157 |  22.8 |      14 |       2 |  12.5
        D:7 |      80 |       0 |   0.0 |       5 |       0 |   0.0
            +---------+---------+-------+---------+---------+-------
